 Dungeon Crawl Stone Soup version 0.27-a0-797-g27d10ad80f (webtiles) character file.

Game seed: 12715929038561177390

54 jestyr24 the Shield-Bearer (level 3, -6/33 HPs)
             Began as a Minotaur Fighter on Mar 27, 2021.
             Mangled by a gnoll
             ... wielding a +0 halberd
              (10 damage)
             ... on level 2 of the Dungeon.
             The game lasted 00:02:18 (1188 turns).

jestyr24 the Shield-Bearer (Minotaur Fighter)       Turns: 1188, Time: 00:02:18

Health: -6/33      AC:  7    Str: 21    XL:     3   Next: 66%
Magic:  2/2        EV:  7    Int:  5    God:
Gold:   51         SH:  9    Dex:  9    Spells: 2/2 levels left

rFire    . . .     SeeInvis .   a - +0 long sword
rCold    . . .     Faith    .   c - +0 kite shield
rNeg     . . .     Spirit   .   b - +0 scale mail
rPois    .         Reflect  .   (helmet restricted)
rElec    .         Harm     .   (no cloak)
rCorr    .         Rampage  .   (no gloves)
Will     .....                  (no boots)
Stlth    ..........             (no amulet)
HPRegen  0.11/turn              (no ring)
MPRegen  0.08/turn              (no ring)

@: no status effects
A: horns 2, retaliatory headbutt
a: no special abilities


You were on level 2 of the Dungeon.
You visited 1 branch of the dungeon, and saw 2 of its levels.

You collected 51 gold pieces.

Inventory:

Hand Weapons
 a - a +0 long sword (weapon)
 f - a +0 dagger of distortion
 m - a +1 dagger of venom
Missiles
 i - 4 atropa-tipped darts (quivered)
Armour
 b - a +0 scale mail (worn)
 c - a +0 kite shield (worn)
Scrolls
 k - 3 scrolls of immolation {unknown}
 l - 2 scrolls of teleportation {unknown}
 n - a scroll of identify {unknown}
Potions
 d - a potion of might
 e - a potion of curing {unknown}
 g - 3 potions of invisibility {unknown}
 h - a potion of cancellation {unknown}
 j - a potion of haste {unknown}


   Skills:
 + Level 4.0 Fighting
 + Level 2.8 Long Blades
 + Level 4.2 Armour
 + Level 4.6 Shields


You had 2 spell levels left.
You didn't know any spells.
Your spell library was empty.

Dungeon Overview and Level Annotations

Branches:
Dungeon (2/15)

Altars:


Innate Abilities, Weirdness & Mutations

You have a pair of horns on your head.
You reflexively headbutt those who attack you in melee.


Message History

You slash the gnoll! Your headbutt misses the gnoll.
The gnoll is severely wounded.
You block the gnoll's attack. You block the gnoll's attack.
You closely miss the gnoll. You block the gnoll's attack.
Your scale mail prevents you from hitting the gnoll.
You headbutt the gnoll, but do no damage.
The gnoll closely misses you. You furiously retaliate!
You headbutt the gnoll. You barely miss the gnoll.
Your headbutt misses the gnoll.
The gnoll is lightly wounded.
You block the gnoll's attack. The gnoll barely misses you.
You hit the gnoll. Your headbutt misses the gnoll.
The gnoll is moderately wounded.
The gnoll hits you with a +0 flail. The gnoll completely misses you.
You slash the gnoll!
The gnoll is almost dead.
You block the gnoll's attack.
You hit the gnoll.
You kill the gnoll!
You barely miss the gnoll.
The gnoll is severely wounded.
You block the gnoll's attack. x2; The gnoll hits you with a +0 flail!
The gnoll hits you from afar with a +0 halberd.
You closely miss the gnoll.
The gnoll is severely wounded.
You block the gnoll's attack. x2
You slash the gnoll!
You kill the gnoll!
You block the gnoll's attack. The gnoll hits you with a +0 halberd.
You block the gnoll's attack.
Things that are here:
a +0 flail; a +0 flail; a gnoll corpse You barely miss the gnoll.
The gnoll hits you with a +0 halberd.
* * * LOW HITPOINT WARNING * * *
The gnoll hits you from afar with a +0 halberd.
* * * LOW HITPOINT WARNING * * *
You block the gnoll's attack.
You hit the gnoll but do no damage. You block the gnoll's attack.
The gnoll hits you with a +0 halberd!
You die...

.###..#
#######.#.#.#
.....))..##.#
########.##.#
#.##.#
..####.##.###
#...........#
#.####.#.##.######
#.#.##...@gg#
#.#.#######.#
#.#.# .# #.#.# .#
..#.# g# ###.# .#
.# .#


You could see 2 gnolls.

Vanquished Creatures
  2 gnolls (D:2)
  A dart slug (D:1)
  2 ball pythons (D:1)
  A bat (D:2)
  3 endoplasms (D:1)
  4 goblins
  3 hobgoblins (D:1)
  4 kobolds (D:1)
  A quokka (D:1)
  5 frilled lizards
  5 rats (D:1)
31 creatures vanquished.

Notes
Turn   | Place    | Note
-------+----------+-------------------------------------------
     0 | D:1      | jestyr24 the Minotaur Fighter began the quest for the Orb.
     0 | D:1      | Reached XP level 1. HP: 19/19 MP: 0/0
   419 | D:1      | Reached XP level 2. HP: 23/27 MP: 1/1
   892 | D:1      | Reached XP level 3. HP: 21/33 MP: 2/2
  1188 | D:2      | Mangled by a gnoll

Illustrated notes

Levels and vault maps discovered:
D:1:      dpeg_arrival_simpleton_c, layout_basic
D:2:      minmay_general_purpose_star, layout_loops_ring

Skill      XL: |  1  2  3 |
---------------+----------+-----
Fighting       | 4 |  4.0
Armour         | 4 |  4.2
Shields        | 4 |  4.6
Long Blades    | |  2.8

Action                   || total
-------------------------++-------
Melee: Long sword        ||    57
       Headbutt          ||     9
Armor: Scale mail        ||    16
Dodge: Dodged            ||    16
Block: Kite shield       ||    27
       Rpst.: Long sword ||     3

Table legend: (Time is in decaauts)
 A = Elapsed time spent in this place.
 B = Non-inter-level travel time spent in this place.
 C = Inter-level travel time spent in this place.
 D = Time resting spent in this place.
 E = Time spent auto-exploring this place.
 F = Levels seen in this place.
 G = Mean time per level.
                   A        B        C        D        E       F      G
               +--------+--------+--------+--------+--------+-----+--------+
         Total |   1215 |   1215 |      0 |    403 |    608 |   2 |  607.5 |
       Dungeon |   1215 |   1215 |      0 |    403 |    608 |   2 |  607.5 |
               +--------+--------+--------+--------+--------+-----+--------+

Top non-repeatable levels by time:
     D:1: 1156 daAuts
     D:2: 59 daAuts
